 Dungeon Crawl Stone Soup version 0.14-a0-2950-gbe29d66 (webtiles) character file.

2608 Kae the Spear-Bearer (level 9, -2/73 HPs)
             Began as a Naga Gladiator on Mar 4, 2014.
             Was a Believer of Cheibriados.
             Slain by Pikel
             ... wielding a +0,+0 whip of electrocution
              (11 damage)
             ... on Level 7 of the Dungeon.
             The game lasted 00:16:57 (8381 turns).

Kae the Spear-Bearer (Naga Gladiator)               Turns: 8381, Time: 00:16:57

HP  -2/73        AC  9     Str 24 (26) XL: 9   Next: 45%
MP  17/19        EV 10     Int 16 (19) God: Cheibriados [**....]
Gold 231         SH  0     Dex 15 (16) Spells:  0 memorised,  8 levels left

rFire  + . .     SeeInvis +     b - +0 scythe
rCold  . . .     Clarity  .     w - +1 orc ring mail {rF+} (curse)
rNeg   + . .     Conserve .     (no shield)
rPois  +         rCorr    .     c - +0 helmet
rElec  .         rRot     .     (no cloak)
SustAb . .       Spirit   .     (no gloves)
rMut   .         Warding  +     (no barding)
Saprov . . .     Stasis   .     A - amulet of warding
MR     ++...                    v - ring of protection from magic
                                t - ring of the Octopus King {Hunger- AC+1 EV+1 Str+1 Dex+1 Int+1}

@: brilliant, very slow, very resistant to hostile enchantments, very unstealthy
A: spit poison, molten scales 1, see invisible, deformed body, deterioration 1,
poison resistance, slowness 2, slow metabolism 1, AC +3
a: Spit Poison, Bend Time, Renounce Religion


You were on level 7 of the Dungeon.
You worshipped Cheibriados.
Cheibriados was pleased with you.
You were not hungry.

You visited 1 branch of the dungeon, and saw 7 of its levels.

You collected 231 gold pieces.

Inventory:

Hand weapons
 a - a +1,+1 trident
 b - a +0,+0 scythe (weapon)
Missiles
 d - a throwing net (quivered)
Armour
 c - a +0 helmet (worn)
 j - a +0 leather armour
 w - a cursed +1 orcish ring mail of fire resistance (worn)
Magical devices
 r - a wand of fireball (4)
 s - a wand of cold (2)
 z - a wand of magic darts (15)
Comestibles
 f - 4 bread rations
 g - 4 pears
 m - 2 apples
 D - 11 strawberries
Scrolls
 i - 2 scrolls of enchant weapon I
 k - 3 scrolls of remove curse
 n - 3 scrolls of identify
 o - 3 scrolls of recharging
 p - a scroll of fog
 x - a scroll of amnesia
 y - a scroll of noise
Jewellery
 t - a ring of the Octopus King (left hand) {Hunger- AC+1 EV+1 Str+1 Dex+1 Int+1}
   (You took it off Edmund on level 5 of the Dungeon)

   [ring of sustenance]

   It affects your AC (+1).
   It affects your evasion (+1).
   It affects your strength (+1).
   It affects your intelligence (+1).
   It affects your dexterity (+1).
 v - a ring of protection from magic (right hand)
 A - an amulet of warding (around neck)
Potions
 e - 3 potions of curing
 h - 3 potions of restore abilities
 q - a potion of speed


   Skills:
 - Level 2.0 Fighting
 + Level 11.1 Polearms
 - Level 1.7 Throwing
 - Level 2.4 Dodging
 + Level 6.5 Invocations


You had 8 spell levels left.
You didn't know any spells.

Dungeon Overview and Level Annotations

Branches:
Dungeon (7/16)
 Temple: D:4-7

Altars:
Cheibriados
Trog

Shops:
D:6 (=

Annotations:
D:7 Pikel


Innate Abilities, Weirdness & Mutations

You cannot wear boots.
You can spit poison.
Your serpentine skin is tough (AC +3).
You have supernaturally acute eyesight.
Armour fits poorly on your strangely shaped body.
Your system is resistant to poisons.
You cover ground very slowly.
You are partially covered in molten scales (AC +1).
Your body is slowly deteriorating.
You have a slow metabolism.


Message History

The slave hits you! The gnoll hits you but does no damage.
The slave hits you but does no damage. Pikel closely misses you.
A kobold comes into view. It is wielding a whip.
You hit Pikel.
Pikel is lightly wounded.
The slave barely misses you. Pikel hits you but does no damage.
The slave closely misses you. The slave hits you but does no damage.
The gnoll hits you with a spear.
* * * LOW HITPOINT WARNING * * *
You closely miss Pikel.
Pikel is lightly wounded.
Pikel hits you but does no damage.
You are electrocuted!
* * * LOW HITPOINT WARNING * * *
The slave hits you.
* * * LOW HITPOINT WARNING * * *
The slave closely misses you. Pikel barely misses you.
Drink which item? (? for menu, Esc to quit)
You feel better. The slave barely misses you. The gnoll barely misses you.
Pikel hits you but does no damage.
You are electrocuted!
You die...

..........##
............##
.............##
..............##
...#####.......##
#........## #@...K....##
#Kg........##
....#####@@.........##
.........)@..........##
......................##
......................##
?.....#####............##
...... #...>.........#
..... #.............. ...
#.............# ..
##............##


You could see Pikel, 3 slaves, a gnoll and a kobold.

Vanquished Creatures
  The ghost of Voker57 the Vexing, an average SpEn (D:5)
  The ghost of Kae the Spear-Bearer, an experienced NaGl of Cheibriados (D:6)
  A hippogriff (D:7)
  Edmund (D:5)
  Menkaure (D:5)
  An ice beast (D:5)
  2 ogres
  A phantom (D:4)
  Sigmund (D:3)
  Duvessa (D:5)
  Blork the orc (D:4)
  2 giant frogs
  A jelly (D:6)
  2 hounds
  Dowan (D:5)
  4 crimson imps
  A centaur skeleton (D:4)
  2 iguanas (D:4)
  2 orc priests
  6 orc wizards
  6 worker ants
  Terence (D:3)
  A worker ant zombie (D:6)
  3 gnolls (D:7)
  4 adders
  A giant mite (D:2)
  A goliath beetle zombie (D:5)
  7 worms
  An adder skeleton (D:6)
  A giant eyeball (D:7)
  2 giant geckos
  An ooze (D:3)
  21 orcs
  A bat skeleton (D:5)
  5 giant cockroaches
  12 goblins
  11 hobgoblins
  11 jackals
  2 quokkas
  A ball python (D:4)
  8 bats
  6 giant newts
  A hobgoblin skeleton (D:4)
  11 kobolds
  A kobold zombie (D:7)
  12 rats
  A rat zombie (D:6)
166 creatures vanquished.

Vanquished Creatures (others)
  A wizard (D:6)
1 creature vanquished.

Grand Total: 167 creatures vanquished

Notes
Turn   | Place    | Note
--------------------------------------------------------------
     0 | D:1      | Kae, the Naga Gladiator, began the quest for the Orb.
     0 | D:1      | Reached XP level 1. HP: 19/19 MP: 1/1
   376 | D:1      | Reached XP level 2. HP: 16/26 MP: 2/2
  1055 | D:1      | Reached skill level 4 in Polearms
  1167 | D:2      | Reached XP level 3. HP: 25/32 MP: 3/3
  1681 | D:2      | Reached XP level 4. HP: 31/39 MP: 4/4
  1740 | D:2      | Reached skill level 5 in Polearms
  1973 | D:3      | Noticed Terence
  1987 | D:3      | Killed Terence
  2123 | D:3      | Reached XP level 5. HP: 30/45 MP: 5/5
  2164 | D:3      | Noticed Sigmund
  2177 | D:3      | Gained mutation: You are partially covered in molten scales (AC +1). [potion of mutation]
  2177 | D:3      | Gained mutation: You have a slow metabolism. [potion of mutation]
  2177 | D:3      | Gained mutation: Your body is slowly deteriorating. [potion of mutation]
  2193 | D:3      | Killed Sigmund
  2193 | D:3      | Reached skill level 6 in Polearms
  2193 | D:3      | Reached XP level 6. HP: 15/52 MP: 6/6
  2923 | D:3      | Reached skill level 7 in Polearms
  3214 | D:4      | Reached XP level 7. HP: 48/60 MP: 7/7
  3485 | D:4      | Reached skill level 8 in Polearms
  4063 | D:4      | Noticed Blork the orc
  4070 | D:4      | Killed Blork the orc
  4070 | D:4      | Reached skill level 9 in Polearms
  4193 | D:5      | Entered Level 5 of the Dungeon
  4208 | D:5      | Noticed Voker57's ghost (average SpEn)
  4209 | D:5      | Noticed Edmund
  4297 | D:5      | Found a snail-covered altar of Cheibriados.
  4307 | D:5      | Reached XP level 8. HP: 62/67 MP: 8/8
  4312 | D:5      | Became a worshipper of Cheibriados the Contemplative
  4518 | D:5      | Noticed Duvessa
  4518 | D:5      | Noticed Dowan
  4537 | D:5      | Killed Duvessa
  4537 | D:5      | Reached skill level 1 in Invocations
  4544 | D:5      | Killed Dowan
  5004 | D:5      | Killed Voker57's ghost
  5313 | D:5      | Noticed Menkaure
  5556 | D:5      | Killed Edmund
  5556 | D:5      | Reached skill level 10 in Polearms
  5593 | D:5      | Got a ring of the Octopus King
  6264 | D:6      | Noticed Kae's ghost (experienced NaGl)
  6418 | D:6      | Found Haofef's Weapon Shop.
  6818 | D:5      | Killed Menkaure
  6818 | D:5      | Reached skill level 5 in Invocations
  6818 | D:5      | Reached XP level 9. HP: 6/73 MP: 13/17
  7308 | D:6      | Found Stueniawas' Jewellery Boutique.
  7479 | D:6      | Found a bloodstained altar of Trog.
  7479 | D:6      | Noticed a wizard
  7484 | D:6      | Killed a wizard
  7972 | D:6      | Killed Kae's ghost
  8322 | D:7      | Paralysed by a giant eyeball for 2 turns
  8344 | D:7      | Identified a ring of the Octopus King {Hunger- AC+1 EV+1 Str+1 Dex+1 Int+1} (You took it off Edmund on level 5 of the Dungeon)
  8363 | D:7      | Reached skill level 11 in Polearms
  8369 | D:7      | Noticed Pikel
  8380 | D:7      | HP: 3/73 [Pikel/runed whip (17)]
  8380 | D:7      | HP: 1/73 [slave[Pikel] (2)]
  8381 | D:7      | Slain by Pikel

Action                   |  1- 3 |  4- 6 |  7- 9 || total
-------------------------+-------+-------+-------++-------
Melee: Trident           |   126 |   209 |   533 ||   868
       Scythe            |       |       |    28 ||    28
Throw: Throwing net      |       |     1 |     1 ||     2
Invok: Bend Time         |       |       |     3 ||     3
 Abil: Spit Poison       |     1 |     3 |     9 ||    13
Evoke: Wand              |       |       |     4 ||     4
  Use: Scroll            |       |     8 |    11 ||    19
       Potion            |       |     3 |    11 ||    14
 Stab: Held in net/web   |       |     1 |     1 ||     2
